 Dungeon Sprint DCSS version 0.21-a0-460-g737a915 (webtiles) character file.

40218 Kidiri the Unseen (level 13, -8/68 HPs)
             Began as a Spriggan Enchanter on Nov 20, 2017.
             Was the Champion of Dithmenos.
             Killed from afar by a fire dragon (32 damage)
             ... with a blast of flame
             ... in the Dungeon (Sprint III: "The Ten Rune Challenge").
             The game lasted 00:22:13 (4380 turns).

Kidiri the Unseen (Spriggan Enchanter)              Turns: 4380, Time: 00:22:15

Health: -8/68      AC:  5    Str:  4    XL:     13   Next: 3%
Magic:  16/29      EV: 34    Int: 19    God:    Dithmenos [******]
Gold:   38         SH:  7    Dex: 19    Spells: 12/42 levels left

rFire    . . .     SeeInvis +   a - +1 dagger (venom)
rCold    . . .     Gourm    .   c - -1 buckler
rNeg     . . .     Faith    .   b - +0 robe
rPois    .         Spirit   .   u - +0 hat
rElec    .         Reflect  .   l - +0 cloak
rCorr    .         Harm     .   (gloves unavailable)
MR       ++...     NoTele   +   (boots unavailable)
Stlth    ++++++++++             (no amulet)
HPRegen  0.21/turn              (no ring)
MPRegen  0.21/turn              (no ring)

@: confusing touch, wreathed by umbra, very quick
A: unfitting armour, slimy green scales 1, see invisible, herbivore 3, speed 3,
low mp 1, slow metabolism 2
}: 1/10 runes: serpentine
a: Shadow Step, Shadow Form, Renounce Religion


You were in the Dungeon.
You worshipped Dithmenos.
Dithmenos was exalted by your worship.
You were not hungry.

You visited 1 branch You collected 38 gold pieces.

Inventory:

Hand Weapons
 a - a +1 dagger of venom (weapon)
 f - a +0 short sword of speed
Missiles
 i - 10 throwing nets (quivered)
Armour
 b - a +0 robe (worn)
 c - a -1 buckler (worn)
 l - a +0 cloak (worn)
 u - a +0 hat (worn)
Scrolls
 j - a scroll of blinking
 p - a scroll of identify
 q - 2 scrolls of remove curse
Potions
 d - a potion of might
 e - 3 potions of curing
 g - 2 potions of haste
 h - 2 potions of magic
 k - a potion of degeneration {unknown}
 m - a potion of lignification {unknown}
 o - a potion of heal wounds
 r - 4 potions of flight
 t - a potion of mutation
Books
 n - a book of Misfortune

   Spells                             Type                      Level
   a - Confusing Touch                Hexes                        1
   b - Confuse                        Hexes                        3
   c - Gell's Gravitas                Translocation                3
   d - Petrify                        Transmutation/Earth          4
   e - Metabolic Englaciation         Hexes/Ice                    5
   f - Yara's Violent Unravelling     Hexes/Transmutation          5
Comestibles
 s - 30 royal jellies
 v - 6 fruits


   Skills:
 + Level 7.6 Fighting
 * Level 13.8 Short Blades
 + Level 7.3 Armour
 * Level 17.4 Dodging
 * Level 18.8 Stealth
 + Level 6.0 Shields
 * Level 15.1 Spellcasting
 + Level 7.0 Conjurations
 + Level 11.7 Hexes
 + Level 10.0 Translocations
 + Level 10.1 Transmutations
 + Level 7.5 Ice Magic
   Level 1.0 Evocations


You had 12 spell levels left.
You knew the following spells:

 Your Spells              Type           Power        Failure   Level  Hunger
a - Corona                Hex            ######.      1%          1    None
b - Confusing Touch       Hex            ######       1%          1    None
c - Ensorcelled Hibernat  Hex/Ice        ######       1%          2    None
d - Confuse               Hex            ######..     1%          3    None
e - Tukima's Dance        Hex            ######..     1%          3    None
f - Dazzling Spray        Conj/Hex       ######       1%          3    None
g - Metabolic Englaciati  Hex/Ice        ######....   2%          5    ###....
h - Yara's Violent Unrav  Hex/Tmut       ######....   1%          5    ###....
i - Gell's Gravitas       Tloc           ######....   1%          3    None
j - Petrify               Tmut/Erth      ####....     6%          4    None


Dungeon Overview and Level Annotations

Branches:
Dungeon (1/1)

Altars:
Cheibriados
Dithmenos
Elyvilon
Fedhas
Gozag
Hepliaklqana
Kikubaaqudgha
Makhleb
Nemelex Xobeh
Okawaru
Qazlal
Ru
Sif Muna
Trog
Uskayaw
Vehumet
Wu Jian
Xom
Yredelemnul
Zin
The Shining One
Beogh
Jiyva
Lugonu

Shops:
D ![}

Annotations:
D exclusion: 4 doors


Innate Abilities, Weirdness & Mutations

You are very small and have problems with some larger weapons.
You are too small for most types of armour.
You have supernaturally acute eyesight. (SInv)
You are a herbivore.
You cover ground extremely quickly.
You need consume almost no food.
You are partially covered in slimy green scales. (AC +2)
Your magical capacity is low. (-10% MP)


Message History

The fire dragon easily resists.
The fire dragon completely misses you. x2
You block the fire dragon's attack.
Casting: Ensorcelled Hibernation
Confirm with . or Enter, or press ? or * to list all spells.
Aiming: Tukima's Dance
Press: ? - help, Shift-Dir - straight line, f - you, p - fire dragon That would be overly suicidal.
Okay, then.
Casting: Tukima's Dance
Confirm with . or Enter, or press ? or * to list all spells.
Aiming: Dazzling Spray
Press: ? - help, Shift-Dir - straight line, f - fire dragon
Aim: a fire dragon (black smoke, umbra)
The spray of energy hits the fire dragon.
The fire dragon is lightly wounded.
Your shadow mimicks your spell!
The shadow shard hits the fire dragon.
The fire dragon breathes flames at you. The blast of flame hits you!
You die...

≈♣ ###'♣♣♣♣♣♣♣♣♣♣♣♣♣♣♣
###♣
♣♣♣♣.##..##≈≈≈≈≈≈..#
...♣♣
♣...##.##.#≈≈≈≈≈...#
###+♣
♣♣.##.##.##'≈≈≈≈≈####+#
....♣
♣..#.##...#≈≈...§§§%§#
#####♣♣
♣♣.##.##.)#≈..+#######
......♣
♣♣.##.#####...#....))#
......♣
♣.....##§§§...#♣♣♣._)#
##+#############@######
##### #...........###D♣
#............##♣§
###########[.# .♣
##...........# ♣.
#...........## ♣♣
#..##########
#...........##
##...........#


You could see a fire dragon.

Vanquished Creatures
  Rupert (D)
  Gastronok (D)
  A nagaraja (D)
  2 dire elephants (D)
  Erolcha (D)
  A naga warrior (D)
  3 anacondas (D)
  A hydra (D)
  4 death yaks (D)
  Urug (D)
  A death drake (D)
  A spriggan druid (D)
  A deep elf mage (D)
  A lindwurm (D)
  2 elephants (D)
  6 black mambas (D)
  A guardian serpent (D)
  2 spiny frogs (D)
  A rime drake (D)
  A komodo dragon (D)
  3 wandering mushrooms (D)
  A queen bee (D)
  2 tyrant leeches (D)
  8 blink frogs (D)
  5 redbacks (D)
  A shadow (D)
  2 spriggans (D)
  A spatial vortex (D)
  2 nagas (D)
  A swamp drake (D)
  6 water moccasins (D)
  A necrophage (D)
  5 two-headed ogres (D)
  A water elemental (D)
  32 killer bees (D)
  A jelly (D)
  A wizard (D)
  Crazy Yiuf (D)
  Jessica (D)
  A necromancer (D)
  3 humans (D)
  A kobold demonologist (D)
  3 adders (D)
  3 rats (D)
  7 plants (D)
126 creatures vanquished.

Vanquished Creatures (others)
  2 draconian scorchers (D)
  A hydra (D)
  2 yaktaurs (D)
  6 hellions (D)
  A dancing weapon (D)
  An electric eel (D)
  5 plants (D)
18 creatures vanquished.

Grand Total: 144 creatures vanquished

Notes
Turn   | Place    | Note
-------+----------+-------------------------------------------
     0 | D        | Kidiri the Spriggan Enchanter began the quest for the Orb.
     0 | D        | Reached XP level 1. HP: 9/9 MP: 5/5
    42 | D        | Noticed Jessica
    97 | D        | Killed a hellion
   104 | D        | Killed a hellion
   113 | D        | Killed Jessica
   113 | D        | Reached skill level 1 in Fighting
   113 | D        | Reached skill level 1 in Armour
   113 | D        | Reached skill level 5 in Stealth
   113 | D        | Reached XP level 2. HP: 14/14 MP: 2/8
   140 | D        | Learned a level 2 spell: Ensorcelled Hibernation
   174 | D        | Noticed Crazy Yiuf
   183 | D        | Killed Crazy Yiuf
   183 | D        | Reached skill level 5 in Dodging
   183 | D        | Reached skill level 6 in Stealth
   183 | D        | Reached XP level 3. HP: 18/18 MP: 7/10
   185 | D        | Killed a white draconian scorcher
   186 | D        | Killed a hellion
   193 | D        | Killed a white draconian scorcher
   223 | D        | Reached XP level 4. HP: 22/22 MP: 4/11
   226 | D        | Killed a hellion
   228 | D        | Learned a level 3 spell: Confuse
   232 | D        | Learned a level 3 spell: Tukima's Dance
   236 | D        | Learned a level 3 spell: Dazzling Spray
   247 | D        | Gained mutation: You expend magic power (3 MP) to strengthen your wands. [potion of mutation]
   247 | D        | Gained mutation: You have sharp toenails. [potion of mutation]
   247 | D        | Gained mutation: You have a pair of small antennae on your head. [potion of mutation]
   248 | D        | Lost mutation: You expend magic power (3 MP) to strengthen your wands. [potion of mutation]
   248 | D        | Lost mutation: You have sharp toenails. [potion of mutation]
   248 | D        | Lost mutation: You have a pair of small antennae on your head. [potion of mutation]
   248 | D        | Gained mutation: Your magical capacity is low. (-10% MP) [potion of mutation]
   248 | D        | Gained mutation: You are partially covered in slimy green scales. (AC +2) [potion of mutation]
   264 | D        | Killed a hellion
   275 | D        | Noticed a water elemental
   295 | D        | Killed a water elemental
   295 | D        | Reached skill level 7 in Stealth
   295 | D        | Reached skill level 5 in Spellcasting
   295 | D        | Reached skill level 1 in Ice Magic
   367 | D        | Found a basalt altar of Yredelemnul.
   367 | D        | Found a shadowy altar of Dithmenos.
   367 | D        | Found a sacrificial altar of Ru.
   367 | D        | Noticed a necrophage
   369 | D        | Killed a necrophage
   369 | D        | Reached skill level 5 in Short Blades
   369 | D        | Reached skill level 8 in Stealth
   369 | D        | Reached skill level 1 in Conjurations
   369 | D        | Reached skill level 5 in Hexes
   369 | D        | Reached XP level 5. HP: 27/27 MP: 13/13
   372 | D        | Killed a hellion
   379 | D        | Became a worshipper of Dithmenos the Shadowed
   393 | D        | Found a radiant altar of Vehumet.
   394 | D        | Found a deep blue altar of Sif Muna.
   394 | D        | Found an ancient bone altar of Kikubaaqudgha.
   399 | D        | Noticed an ice devil
   401 | D        | Reached XP level 6. HP: 27/32 MP: 5/14
   406 | D        | Reached * piety under Dithmenos
   406 | D        | Reached skill level 9 in Stealth
   406 | D        | Reached skill level 1 in Evocations
   506 | D        | Killed a yaktaur
   579 | D        | Found a glowing silver altar of Zin.
   580 | D        | Found a glowing golden altar of the Shining One.
   580 | D        | Found a white marble altar of Elyvilon.
   580 | D        | Noticed a deep elf mage
   582 | D        | Killed a deep elf mage
   582 | D        | Reached skill level 10 in Stealth
   582 | D        | Reached XP level 7. HP: 36/36 MP: 15/17
   598 | D        | Found an ornate altar of the Wu Jian Council.
   598 | D        | Found a roughly hewn altar of Beogh.
   598 | D        | Found an iron altar of Okawaru.
   598 | D        | Found a bloodstained altar of Trog.
   598 | D        | Found a hide-covered altar of Uskayaw.
   598 | D        | Noticed a human
   598 | D        | Noticed a human
   606 | D        | Killed a human
   606 | D        | Reached ** piety under Dithmenos
   606 | D        | Reached skill level 10 in Dodging
   606 | D        | Reached skill level 11 in Stealth
   609 | D        | Killed a human
   655 | D        | Noticed a shadow
   657 | D        | Killed a shadow
   657 | D        | Reached XP level 8. HP: 42/42 MP: 19/19
   666 | D        | Found a blossoming altar of Fedhas.
   666 | D        | Found a stormy altar of Qazlal.
   667 | D        | Found a snail-covered altar of Cheibriados.
   667 | D        | Found a burning altar of Makhleb.
   667 | D        | Found a hazy altar of Hepliaklqana.
   667 | D        | Found a shimmering altar of Xom.
   667 | D        | Found an opulent altar of Gozag.
   667 | D        | Found a sparkling altar of Nemelex Xobeh.
   667 | D        | Found a corrupted altar of Lugonu.
   667 | D        | Found a viscous altar of Jiyva.
   670 | D        | Reached *** piety under Dithmenos
   670 | D        | Reached skill level 1 in Shields
   680 | D        | Learned a level 1 spell: Confusing Touch
   686 | D        | Learned a level 5 spell: Metabolic Englaciation
   692 | D        | Learned a level 5 spell: Yara's Violent Unravelling
   700 | D        | Reached skill level 12 in Stealth
   700 | D        | Reached skill level 1 in Transmutations
   709 | D        | Noticed a two-headed ogre
   712 | D        | Killed a two-headed ogre
   718 | D        | Noticed a two-headed ogre
   718 | D        | Noticed Erolcha
   720 | D        | Killed Erolcha
   720 | D        | Reached **** piety under Dithmenos
   720 | D        | Reached skill level 13 in Stealth
   720 | D        | Reached skill level 10 in Spellcasting
   720 | D        | Reached XP level 9. HP: 46/46 MP: 20/21
   721 | D        | Killed a two-headed ogre
   737 | D        | Learned a level 3 spell: Gell's Gravitas
   740 | D        | Reached skill level 1 in Translocations
   821 | D        | Noticed a queen bee
   822 | D        | Reached ***** piety under Dithmenos
  1033 | D        | Reached ****** piety under Dithmenos
  1053 | D        | Reached skill level 5 in Fighting
  1053 | D        | Reached skill level 10 in Short Blades
  1061 | D        | Reached XP level 10. HP: 43/51 MP: 2/23
  1086 | D        | Reached skill level 14 in Stealth
  1093 | D        | Reached skill level 5 in Armour
  1222 | D        | Learned a level 4 spell: Petrify
  1231 | D        | Reached skill level 5 in Ice Magic
  1244 | D        | Reached skill level 5 in Transmutations
  1463 | D        | Noticed a spiny frog
  1463 | D        | Noticed a spiny frog
  1466 | D        | Killed a spiny frog
  1468 | D        | Killed a spiny frog
  1515 | D        | Reached skill level 5 in Conjurations
  1521 | D        | Reached skill level 15 in Stealth
  1531 | D        | Reached skill level 5 in Translocations
  1565 | D        | Noticed a lindwurm
  1568 | D        | Killed a lindwurm
  1577 | D        | Noticed Urug
  1579 | D        | Killed Urug
  1579 | D        | Reached XP level 11. HP: 56/56 MP: 20/25
  1845 | D        | Noticed Rupert
  1847 | D        | Killed Rupert
  1847 | D        | Reached skill level 15 in Dodging
  1847 | D        | Reached skill level 16 in Stealth
  1847 | D        | Reached skill level 10 in Hexes
  1877 | D        | Noticed a death yak
  1878 | D        | Noticed a death yak
  1878 | D        | Noticed an azure jelly
  1878 | D        | Noticed a death yak
  1878 | D        | Noticed an azure jelly
  1878 | D        | Noticed a death yak
  1879 | D        | Killed a death yak
  1880 | D        | Killed a death yak
  1883 | D        | Killed a death yak
  1902 | D        | Killed a death yak
  1909 | D        | Noticed an azure jelly
  1909 | D        | Noticed an azure jelly
  1917 | D        | Reached skill level 17 in Stealth
  1931 | D        | Reached skill level 5 in Shields
  2230 | D        | Noticed an anaconda
  2236 | D        | Killed an anaconda
  2236 | D        | Reached XP level 12. HP: 62/62 MP: 23/27
  2239 | D        | Noticed an anaconda
  2246 | D        | Killed an anaconda
  2382 | D        | Noticed an anaconda
  2387 | D        | Killed an anaconda
  2445 | D        | Noticed a naga warrior
  2445 | D        | Noticed a nagaraja
  2445 | D        | Found Coiheul's Distillery.
  2445 | D        | Found Cuymm's Antique Armour Emporium.
  2774 | D        | Killed a naga warrior
  2804 | D        | Found Cir Jir's Gadget Shop.
  2807 | D        | Killed a nagaraja
  2807 | D        | Reached skill level 18 in Stealth
  2988 | D        | Got a serpentine rune of Zot
  3390 | D        | Noticed a dire elephant
  3390 | D        | Noticed a dire elephant
  3390 | D        | Noticed Gastronok
  3441 | D        | Killed a dire elephant
  3803 | D        | Killed a dire elephant
  3974 | D        | Killed Gastronok
  4102 | D        | Noticed an eight-headed hydra
  4102 | D        | Noticed a six-headed hydra
  4150 | D        | Killed a six-headed hydra
  4264 | D        | Killed an eight-headed hydra
  4342 | D        | Reached skill level 15 in Spellcasting
  4342 | D        | Reached skill level 10 in Transmutations
  4351 | D        | Found a blossoming altar of Fedhas.
  4353 | D        | Reached skill level 10 in Translocations
  4353 | D        | Reached XP level 13. HP: 67/67 MP: 21/29
  4375 | D        | Noticed a fire dragon
  4380 | D        | Killed from afar by a fire dragon

Vault maps used:
D:        dungeon_sprint_mu

Skill      XL: |  1  2  3  4  5  6  7  8  9 10 11 12 |
---------------+-------------------------------------+-----
Fighting       | 1 2 3 4 5 6 7 |  7.6
Short Blades   | 2 3 5 7 9 10 11 12 13 | 13.8
Armour         | 1 2 3 4 5 6 7 |  7.3
Dodging        | 4 5 7 9 10 12 14 15 17 | 17.4
Stealth        | 5 6 8 10 11 13 15 17 18 | 18.8
Spellcasting   | 4 6 8 10 11 12 13 15 | 15.1
Hexes          | 4 5 6 7 8 9 10 11 | 11.7
Ice Magic      | 1 2 3 4 5 6 7 |  7.5
Conjurations   | 1 2 3 4 5 6 7 |  7.0
Evocations     | 1 |  1.0
Shields        | 2 3 5 6 |  6.0
Transmutations | 3 4 6 8 10 | 10.1
Translocations | 2 5 8 10 | 10.0

Action                   |  1- 3 |  4- 6 |  7- 9 | 10-12 | 13-15 || total
-------------------------+-------+-------+-------+-------+-------++-------
Melee: Dagger            |    15 |    12 |    68 |   476 |     2 ||   573
 Cast: Corona            |     7 |       |     1 |       |       ||     8
       Ensorcelled Hiber |     4 |     4 |    23 |    47 |     3 ||    81
       Dazzling Spray    |       |     3 |     2 |    36 |     1 ||    42
       Confusing Touch   |       |       |     3 |     7 |     1 ||    11
       Confuse           |       |       |       |     3 |       ||     3
       Tukima's Dance    |       |       |       |     2 |       ||     2
       Metabolic Englaci |       |       |       |     1 |       ||     1
Invok: Shadow Step       |       |       |     1 |    16 |       ||    17
  Use: Potion            |       |     3 |       |     1 |       ||     4
       Scroll            |       |     2 |     1 |       |       ||     3
 Stab: Sleeping          |     3 |     4 |    24 |    51 |     2 ||    84
       Invisible         |       |       |     3 |     7 |       ||    10
       Distracted        |       |       |       |     1 |       ||     1
  Eat: Bread ration      |       |       |       |     1 |       ||     1
Armor: Robe              |       |       |     1 |     3 |       ||     4
Dodge: Dodged            |    13 |    18 |    88 |   200 |     5 ||   324
Block: Buckler           |       |       |    18 |    35 |     1 ||    54

Table legend:
 A = Spawn XP
 B = Non-spawn XP
 C = Spawn XP percentage of total XP
 D = Spawn monster count
 E = Non-spawn monster count
 F = Spawn count percentage of total count
 G = Total turns spent on level
                    A         B        C        D         E        F      G
               +---------+---------+-------+---------+---------+-------+---------
         Total |       0 |   38883 |   0.0 |       0 |     119 |   0.0 |  4380
               +---------+---------+-------+---------+---------+-------+---------
             D |       0 |   38883 |   0.0 |       0 |     119 |   0.0 |  4380
               +---------+---------+-------+---------+---------+-------+---------
